 Dungeon Crawl Stone Soup version 0.14.0-26-g1682e81 (webtiles) character file.

2069 Gravenous the Conjurer (level 9, -2/51 HPs)
             Began as an Octopode Venom Mage on Apr 26, 2014.
             Slain by a wolf (5 damage)
             ... led by Grum
             ... on Level 7 of the Dungeon.
             The game lasted 00:25:21 (7814 turns).

Gravenous the Conjurer (Octopode Venom Mage)        Turns: 7814, Time: 00:25:21

HP  -2/51        AC  6     Str  7      XL: 9   Next: 19%
MP  20/31        EV 12     Int 19      God:
Gold 107         SH  0     Dex  7 (12) Spells:  3 memorised, 14 levels left

rFire  + . .     SeeInvis .     z - +1 falchion (protect)
rCold  . . .     Clarity  .     (no shield)
rNeg   . . .     Conserve +     i - +0 hat
rPois  .         rCorr    .     n - amulet of conservation
rElec  .         rRot     .     e - -2 ring of intelligence
SustAb . .       Spirit   .     g - ring of magical power
rMut   .         Warding  .     q - ring of protection from fire
Saprov . . .     Stasis   .     (no ring)
MR     .....                    (no ring)
                                (no ring)
                                (no ring)
                                (no ring)

@: lethally poisoned, not resistant to hostile enchantments, stealthy
A: almost no armour, amphibious, 8 rings, constrict 8, camouflage 1, gelatinous
body 1
a: no special abilities


You were on level 7 of the Dungeon.
You were not hungry.

You visited 1 branch of the dungeon, and saw 8 of its levels.
You also visited: Sewer.

You collected 207 gold pieces.
You spent 100 gold pieces at shops.

Inventory:

Hand weapons
 l - a +4,+2 mace of holy wrath
 z - a +1,+1 falchion of protection (weapon)
Armour
 i - a +0 hat (worn)
Magical devices
 j - a wand of flame (15)
 v - a wand of flame (0)
Comestibles
 c - 5 bread rations
 d - a choko
 m - 2 apples
 p - an apricot
 r - 2 meat rations
 D - 2 rotting chunks of orc flesh
 E - a pear
 F - 3 rotting chunks of worker ant flesh
Scrolls
 a - 9 scrolls of identify
 k - 2 scrolls of enchant armour
 y - 2 scrolls of remove curse
Jewellery
 e - a -2 ring of intelligence (left tentacle)
 g - a ring of magical power (right tentacle)
 n - an amulet of conservation (around mantle)
 q - a ring of protection from fire (on tentacle)
Potions
 f - a potion of magic
 o - a potion of curing
 s - 2 potions of might
 t - a potion of heal wounds
 u - a potion of confusion {unknown}
 w - a potion of resistance {unknown}
 x - a potion of poison {unknown}
 C - a potion of brilliance {unknown}
Books
 b - a Young Poisoner's Handbook

   Spells                             Type                      Level
   *Sting                             Conjuration/Poison           1
   *Cure Poison                       Poison                       2
   *Mephitic Cloud                    Conjuration/Poison/Air       3
   Olgreb's Toxic Radiance            Poison                       4
   Venom Bolt                         Conjuration/Poison           5
 h - a book of Maledictions

   Spells                             Type                      Level
   Corona                             Hexes                        1
   Sure Blade                         Hexes/Charms                 2
   Ensorcelled Hibernation            Hexes/Ice                    2
   Confuse                            Hexes                        3
   Enslavement                        Hexes                        4
   Invisibility                       Hexes                        6


   Skills:
 - Level 2.0 Dodging
 - Level 2.6 Stealth
 + Level 6.0 Spellcasting
 * Level 8.8 Conjurations
 - Level 7.0 Poison Magic


You had 14 spell levels left.
You knew the following spells:

 Your Spells              Type           Power        Failure   Level  Hunger
a - Sting                 Conj/Pois      ####         1%          1    None
b - Cure Poison           Pois           ####......   1%          2    None
c - Mephitic Cloud        Conj/Pois/Air  ####....     4%          3    ##.....


Dungeon Overview and Level Annotations

Branches:
Dungeon (8/15)             Temple (0/1) D:7
   Lair: D:8-11

Altars:
Yredelemnul

Shops:
D:4 [   D:5 :

Annotations:
D:4 aphidlicker's ghost, average MiFi
D:6 Heini's ghost, experienced HOFi
D:7 exclusion: water moccasin
D:8 Eustachio; Grum; Psyche


Innate Abilities, Weirdness & Mutations

You cannot wear most types of armour.
You are amphibious.
You can wear up to eight rings at the same time.
You can use your tentacles to constrict many enemies at once.
Your skin changes colour to match your surroundings (Stlth).
Your rubbery body absorbs attacks (AC +1).


Message History

The wolf is moderately wounded.
You feel sick. The wolf bites you.
* * * LOW HITPOINT WARNING * * *
Casting: Sting
Confirm with . or Enter, or press ? or * to list all spells.
Aiming: Sting
Press: ? - help, Shift-Dir - straight line, f/p - wolf
Aim: a wolf (heavily wounded, poisoned)
The sting hits the wolf.
The wolf is heavily wounded.
The wolf closely misses you. The wolf bites you!
* * * LOW HITPOINT WARNING * * *
Casting: Sting
Confirm with . or Enter, or press ? or * to list all spells.
Aiming: Sting
Press: ? - help, Shift-Dir - straight line, f/p - wolf
Aim: a wolf (heavily wounded, poisoned)
The sting misses the wolf.
You feel sick. The wolf closely misses you. The wolf bites you.
You die...

#..##.##...P..#.............##.#
#..#...#...>..#####.##########.#
#.........P...# #.# #######(#
##.............# #.# #........
...#.......#########.# #.#####.#
#####...#............# #.# #.#
#####...#.###############.# #.#
.........#.# #h.........# #.#
#####...#.## #@########.# #.#
##.##.# #.# #.# #.. #.##.# #.#
#.# ### #.##.# #.# #.#
######.##.######.##..S. ..#
.......##...........# #.#
################.#### #.# #.# .
#.#


You could see a wolf.

Vanquished Creatures
  Edmund (D:5)
  An ice beast (D:7)
  An orc warrior (D:6)
  A sky beast (D:7)
  2 centaurs
  Sigmund (D:2)
  5 big kobolds
  A scorpion (D:5)
  A quasit (D:7)
  3 crimson imps
  2 hounds (D:5)
  Crazy Yiuf (D:5)
  An orc priest (D:4)
  2 giant frog skeletons (D:5)
  3 orc wizards
  3 worker ants
  Ijyb (D:2)
  A hound skeleton (D:5)
  A hound zombie (D:6)
  A worker ant zombie (D:5)
  3 gnolls (D:6)
  6 green rats (Sewer)
  11 adders
  3 giant mites
  An inept item mimic (D:2)
  6 worms
  2 oozes
  17 orcs
  7 ball pythons
  12 bats
  5 giant cockroaches
  12 hobgoblins
  6 jackals
  26 kobolds
  3 giant geckos
  12 giant newts
  2 giant spores (D:7)
  15 goblins
  A hobgoblin skeleton (D:7)
  A jackal skeleton (D:5)
  An orc zombie (D:5)
  2 quokkas
  29 rats
  A rat skeleton (D:5)
  6 ballistomycetes
223 creatures vanquished.

Vanquished Creatures (others)
  An iguana (D:7)
  2 worker ants (D:7)
  An orc (D:7)
  A rat (D:1)
5 creatures vanquished.

Grand Total: 228 creatures vanquished

Notes
Turn   | Place    | Note
--------------------------------------------------------------
     0 | D:1      | Gravenous, the Octopode Venom Mage, began the quest for the Orb.
     0 | D:1      | Reached XP level 1. HP: 11/11 MP: 3/3
   365 | D:1      | Reached skill level 5 in Poison Magic
   683 | D:1      | Reached XP level 2. HP: 17/17 MP: 0/4
  1416 | D:1      | Reached XP level 3. HP: 19/21 MP: 3/6
  1458 | D:1      | Learned a level 2 spell: Cure Poison
  1462 | D:1      | Learned a level 3 spell: Mephitic Cloud
  1729 | D:2      | Reached skill level 1 in Conjurations
  1729 | D:2      | Reached skill level 6 in Poison Magic
  1791 | D:2      | Reached XP level 4. HP: 27/27 MP: 8/8
  1827 | D:2      | Noticed Sigmund
  1880 | D:2      | Killed Sigmund
  1880 | D:2      | Reached XP level 5. HP: 31/31 MP: 4/10
  2098 | D:2      | Noticed Ijyb
  2110 | D:2      | Killed Ijyb
  2673 | D:3      | Reached XP level 6. HP: 36/36 MP: 12/12
  3055 | D:3      | Noticed a centaur
  3062 | D:3      | Killed a centaur
  3062 | D:3      | Reached skill level 7 in Poison Magic
  3318 | D:4      | Noticed aphidlicker's ghost (average MiFi)
  3618 | D:4      | Found Hed Smipsu's Antique Armour Shoppe.
  3624 | D:4      | Bought a hat for 100 gold pieces
  4013 | D:5      | Entered Level 5 of the Dungeon
  4078 | D:5      | Reached XP level 7. HP: 26/41 MP: 15/15
  4232 | D:5      | Found a glowing drain.
  4236 | Sewer    | Entered a sewer
  4573 | Sewer    | Reached skill level 5 in Conjurations
  4899 | Sewer    | Reached XP level 8. HP: 32/46 MP: 15/18
  5501 | D:5      | Found Mulub's Book Shoppe.
  5782 | D:5      | Noticed Edmund
  5797 | D:5      | Killed Edmund
  5797 | D:5      | Reached skill level 5 in Spellcasting
  5982 | D:5      | Noticed Crazy Yiuf
  5997 | D:5      | Killed Crazy Yiuf
  6493 | D:6      | Noticed Heini's ghost (experienced HOFi)
  6825 | D:7      | Reached skill level 8 in Conjurations
  7036 | D:7      | Reached XP level 9. HP: 38/51 MP: 22/22
  7367 | D:7      | Found a staircase to the Ecumenical Temple.
  7561 | D:7      | Found a basalt altar of Yredelemnul.
  7729 | D:8      | Noticed Psyche
  7729 | D:8      | Noticed Grum
  7731 | D:8      | Noticed Eustachio
  7814 | D:7      | Slain by a wolf

Action                   |  1- 3 |  4- 6 |  7- 9 || total
-------------------------+-------+-------+-------++-------
Melee: Unarmed           |    23 |    27 |       ||    50
       Mace              |       |     3 |    76 ||    79
       Falchion          |       |       |     9 ||     9
 Cast: Sting             |    50 |   174 |   280 ||   504
       Mephitic Cloud    |       |     5 |    10 ||    15
       Cure Poison       |       |     3 |     2 ||     5
Evoke: Wand              |       |     3 |    11 ||    14
  Use: Scroll            |       |     5 |     8 ||    13
       Potion            |       |     3 |     3 ||     6
 Stab: Sleeping          |       |       |     2 ||     2
